 Dungeon Crawl Stone Soup version 0.28-a0-1493-g08698888e4 (webtiles) character file.

Game seed: 4718642785420396588

282 oldriver the Ducker (level 6, -7/50 HPs)
             Began as a Gnoll Gladiator on Jan 13, 2022.
             Killed by nerve-wracking pain
             ... invoked by Menkaure
              (11 damage)
             ... on level 4 of the Dungeon.
             The game lasted 00:03:21 (2809 turns).

oldriver the Ducker (Gnoll Gladiator)               Turns: 2809, Time: 00:03:22

Health: -7/50      AC:  6    Str: 15    XL:     6   Next: 28%
Magic:  8/8        EV: 14    Int:  7    God:
Gold:   63         SH:  0    Dex: 14    Spells: 8/8 levels left

rFire   . . .      SeeInvis .   m - +7 club
rCold   . . .      Faith    .   (no shield)
rNeg    . . .      Spirit   .   b - +0 leather armour
rPois   .          Reflect  .   c - +0 helmet
rElec   .          Harm     .   (no cloak)
rCorr   .          Rampage  .   k - +0 pair of gloves
Will    .....                   q - +0 pair of boots
Stlth   ++........              (no amulet)
HPRegen 0.16/turn               (no ring)
MPRegen 0.11/turn               (no ring)

@: no status effects
A: fangs 1, strong nose, distributed training
a: no special abilities


You were on level 4 of the Dungeon.
You visited 1 branch of the dungeon, and saw 4 of its levels.

You collected 63 gold pieces.

Inventory:

Hand Weapons
 a - a +0 long sword
 m - a +7 club (weapon)
 s - a +1 mace of protection
Missiles
 d - 4 throwing nets
 f - 8 poisoned darts (quivered)
Armour
 b - a +0 leather armour (worn)
 c - a +0 helmet (worn)
 k - a +0 pair of gloves (worn)
 q - a +0 pair of boots (worn)
Wands
 o - a wand of mindburst (16)
Scrolls
 e - 2 scrolls of teleportation {unknown}
 g - a scroll of vulnerability {unknown}
 i - 4 scrolls of identify {unknown}
 j - 2 scrolls of magic mapping {unknown}
 r - a scroll of noise {unknown}
Potions
 h - 2 potions of magic {unknown}
 l - a potion of might {unknown}
 n - a potion of mutation {unknown}
 p - a potion of heal wounds {unknown}


   Skills:
 + Level 4.9 Fighting
 + Level 1.9 Short Blades
 + Level 6.8 Long Blades
 + Level 1.9 Axes
 + Level 1.9 Maces & Flails
 + Level 1.9 Polearms
 + Level 1.9 Staves
 + Level 1.9 Slings
 + Level 1.9 Bows
 + Level 1.9 Crossbows
 + Level 4.9 Throwing
 + Level 1.9 Armour
 + Level 6.8 Dodging
 + Level 1.9 Stealth
 + Level 1.9 Shields
 + Level 1.9 Unarmed Combat
 + Level 1.9 Spellcasting
 + Level 1.5 Conjurations
 + Level 1.5 Hexes
 + Level 1.5 Summonings
 + Level 1.5 Necromancy
 + Level 1.5 Translocations
 + Level 1.5 Transmutations
 + Level 1.5 Fire Magic
 + Level 1.5 Ice Magic
 + Level 1.5 Air Magic
 + Level 1.5 Earth Magic
 + Level 1.5 Poison Magic
 + Level 2.1 Invocations
 + Level 1.9 Evocations


You had 8 spell levels left.
You didn't know any spells.
Your spell library was empty.

Dungeon Overview and Level Annotations

Branches:
Dungeon (4/15)             Temple (0/1) D:4

Altars:
Hepliaklqana

Annotations:
D:4 Menkaure


Innate Abilities, Weirdness & Mutations

You have very sharp teeth.
Your uncanny sense of smell can sniff out nearby items.
Your experience applies equally to all skills.


Message History

You throw a poisoned dart.
The poisoned dart closely misses the orc priest.
You hit the orc priest.
The orc priest is moderately wounded.
The orc priest hits you but does no damage.
Menkaure, Prince of Dust comes into view.
You closely miss the orc priest.
The orc priest is moderately wounded.
The orc priest hits you with a +0 dagger.
The orc priest hits you but does no damage.
You completely miss the orc priest.
You bite the orc priest, but do no damage.
The orc priest is moderately wounded.
Menkaure calls on the powers of darkness!
The orc priest convulses!
Your body is wracked with pain!
The orc priest hits you with a +0 dagger.
You hit the orc priest.
The orc priest is almost dead.
The orc priest calls down the wrath of Beogh upon you.
Pain shoots through your body!
* * * LOW HITPOINT WARNING * * *
Unknown command.
You barely miss the orc priest.
The orc priest is almost dead.
You kill the orc priest!
Menkaure casts a spell.
Menkaure seems to speed up.
Menkaure sighs, "From dust you came, to dust you will return."
Unknown command.
Menkaure barely misses you. Menkaure barely misses you.
Menkaure calls on the powers of darkness!
Your body is wracked with pain!
* * * LOW HITPOINT WARNING * * *
Menkaure gestures at you while chanting.
Pain shoots through your body!
* * * LOW HITPOINT WARNING * * *
Menkaure casts a spell at you. Pain shoots through your body!
You die...

∆ #..<.(.# #......#
#......# ##......#
#..###### #. #.##
###.########## #.###
.........#..<####...#
...........#.@..M...#
..........#######...#
........# #...#
........# #...# ###
####..#.# #...#
..########.#.# #...#
.)...).# #>..# #...#
#.####.# #...# #####
#.# #.# #.###


You could see Menkaure (fast).

Vanquished Creatures
  An ogre (D:4)
  An orc priest (D:4)
  Jessica (D:2)
  Terence (D:2)
  6 adders
  A worm (D:2)
  An orc (D:4)
  7 bats
  11 endoplasms
  5 giant cockroaches
  3 hobgoblins
  2 kobolds
  3 quokkas
  8 ball pythons
  2 frilled lizards
  5 goblins
  6 rats
64 creatures vanquished.

Notes
Turn   | Place    | Note
-------+----------+-------------------------------------------
     0 | D:1      | oldriver the Gnoll Gladiator began the quest for the Orb.
     0 | D:1      | Reached XP level 1. HP: 20/20 MP: 1/1
   295 | D:1      | Reached XP level 2. HP: 26/26 MP: 2/2
   457 | D:1      | Found a faded altar of an unknown god.
   739 | D:1      | Reached XP level 3. HP: 31/31 MP: 3/3
   971 | D:2      | Noticed Terence
  1277 | D:2      | Killed Terence
  1278 | D:2      | Reached skill level 1 in Short Blades
  1278 | D:2      | Reached skill level 1 in Axes
  1278 | D:2      | Reached skill level 1 in Maces & Flails
  1278 | D:2      | Reached skill level 1 in Polearms
  1278 | D:2      | Reached skill level 1 in Staves
  1278 | D:2      | Reached skill level 1 in Slings
  1278 | D:2      | Reached skill level 1 in Bows
  1278 | D:2      | Reached skill level 1 in Crossbows
  1278 | D:2      | Reached skill level 1 in Armour
  1278 | D:2      | Reached skill level 1 in Stealth
  1278 | D:2      | Reached skill level 1 in Shields
  1278 | D:2      | Reached skill level 1 in Unarmed Combat
  1278 | D:2      | Reached skill level 1 in Spellcasting
  1278 | D:2      | Reached skill level 1 in Invocations
  1278 | D:2      | Reached skill level 1 in Evocations
  1338 | D:2      | Reached XP level 4. HP: 36/38 MP: 5/5
  1587 | D:2      | Noticed Jessica
  1632 | D:2      | Killed Jessica
  1633 | D:2      | Reached skill level 1 in Conjurations
  1633 | D:2      | Reached skill level 1 in Hexes
  1633 | D:2      | Reached skill level 1 in Summonings
  1633 | D:2      | Reached skill level 1 in Necromancy
  1633 | D:2      | Reached skill level 1 in Translocations
  1633 | D:2      | Reached skill level 1 in Transmutations
  1633 | D:2      | Reached skill level 1 in Fire Magic
  1633 | D:2      | Reached skill level 1 in Ice Magic
  1633 | D:2      | Reached skill level 1 in Air Magic
  1633 | D:2      | Reached skill level 1 in Earth Magic
  1633 | D:2      | Reached skill level 1 in Poison Magic
  1684 | D:2      | Reached XP level 5. HP: 35/43 MP: 6/6
  1819 | D:2      | Found a hazy altar of Hepliaklqana.
  2682 | D:4      | Noticed an ogre
  2700 | D:4      | Killed an ogre
  2701 | D:4      | Reached XP level 6. HP: 50/50 MP: 8/8
  2777 | D:4      | Found a staircase to the Ecumenical Temple.
  2784 | D:4      | Noticed Menkaure
  2809 | D:4      | Killed from afar by Menkaure

Illustrated notes

Levels and vault maps discovered:
D:1:      dpeg_arrival_tiny_a, layout_loops_ring,
          shapermc_ecumenical_altar_mp_highgroup
D:2:      layout_loops_cross, basic_altar, uniq_jessica, uniq_terence
D:3:      layout_rooms, minmay_misc_feat_tiny, hangedman_decor_points,
          serial_park_tiny_1, minivault_26
D:4:      minmay_chambers_of_twos, layout_basic,
          minmay_temple_entry_proselytizer, uniq_menkaure

Skill      XL: |  1  2  3  4  5 |
---------------+----------------+-----
Short Blades   | 1 |  1.9
Axes           | 1 |  1.9
Maces & Flails | 1 |  1.9
Polearms       | 1 |  1.9
Staves         | 1 |  1.9
Slings         | 1 |  1.9
Bows           | 1 |  1.9
Crossbows      | 1 |  1.9
Armour         | 1 |  1.9
Stealth        | 1 |  1.9
Shields        | 1 |  1.9
Unarmed Combat | 1 |  1.9
Spellcasting   | 1 |  1.9
Invocations    | 1 2 |  2.1
Evocations     | 1 |  1.9
Conjurations   | 1 |  1.5
Hexes          | 1 |  1.5
Summonings     | 1 |  1.5
Necromancy     | 1 |  1.5
Translocations | 1 |  1.5
Transmutations | 1 |  1.5
Fire Magic     | 1 |  1.5
Ice Magic      | 1 |  1.5
Air Magic      | 1 |  1.5
Earth Magic    | 1 |  1.5
Poison Magic   | 1 |  1.5
Fighting       | |  4.9
Long Blades    | |  6.8
Throwing       | |  4.9
Dodging        | |  6.8

Action                   |  1- 3 |  4- 6 || total
-------------------------+-------+-------++-------
Melee: Long sword        |    89 |    10 ||    99
       Bite              |     7 |     5 ||    12
       Club              |       |    75 ||    75
       Punch             |       |     1 ||     1
Throw: Throwing net      |     1 |       ||     1
       Dart              |       |    17 ||    17
 Stab: Sleeping          |     2 |     2 ||     4
Armor: Leather armour    |    27 |    28 ||    55
Dodge: Dodged            |    65 |    67 ||   132

Table legend: (Time is in decaauts)
 A = Elapsed time spent in this place.
 B = Non-inter-level travel time spent in this place.
 C = Inter-level travel time spent in this place.
 D = Time resting spent in this place.
 E = Time spent auto-exploring this place.
 F = Levels seen in this place.
 G = Mean time per level.
                   A        B        C        D        E       F      G
               +--------+--------+--------+--------+--------+-----+--------+
         Total |   2829 |   2747 |     82 |    207 |   1951 |   4 |  707.2 |
       Dungeon |   2829 |   2747 |     82 |    207 |   1951 |   4 |  707.2 |
               +--------+--------+--------+--------+--------+-----+--------+

Top non-repeatable levels by time:
     D:1: 1143 daAuts
     D:2: 908 daAuts
     D:3: 570 daAuts
     D:4: 206 daAuts
